AoeStats
← CASTORJHON

Arena

509450527Analyzed
2v2 RM · 5d ago on Sep 26, 2026· 31m 17s· 4 players
Game mode
Random Map
Map size
Medium (4 player)
Population
200
Speed
Normal
Resources
Standard
Victory
Conquest
Starting age
Dark Age
Ending age
Imperial Age
RankedLock teamsTeams togetherTeam positionsShared explorationLock speedFull tech treeHidden civsTurbo modeCheats
Victory
Defeat
🇨🇳 Italians · China
1110
+15
🇨🇳 Varangians · China
1109
+15
🇲🇽 Italians · Mexico
1091
-15
🇲🇽 Danes · Mexico
1090
-15
CASTORJHON
9:35 Feudal Age
10:42 Loom
14:20 Castle Age
12:35 Double-Bit Axe
16:00 Bow Saw
18:57 Sanctity
18:48 Fervor
24:16 Horse Collar
26:34 Gold Mining
27:47 Fletching
28:07 Heavy Plow
31:49 Imperial Age
29:38 Bodkin Arrow
31:06 Redemption
JoseTezcaltlipoca
0:26 Loom
10:41 Feudal Age
17:15 Castle Age
15:34 Double-Bit Axe
16:53 Forging
18:34 Town Watch
22:10 Squires
25:51 Man-at-Arms
26:49 Gambesons
31:32 Scale Mail Armor
31:09 Long Swordsman
tumine
9:56 Feudal Age
13:37 Castle Age
12:05 Horse Collar
12:14 Double-Bit Axe
12:40 Horse Collar
18:39 Bow Saw
20:37 Man-at-Arms
21:24 Scale Mail Armor
21:49 Heavy Plow
21:42 Gold Mining
22:07 Long Swordsman
25:38 Forging
25:46 Chain Mail Armor
26:41 Wheelbarrow
31:02 Imperial Age
28:57 Stone Mining
29:40 Hand Cart
29:11 Loom
30:04 Squires
29:51 Arson
31:04 Stone Shaft Mining
31:06 Two-Handed Swordsman
31:12 Capped Ram
LD
9:52 Feudal Age
15:26 Castle Age
13:57 Double-Bit Axe
15:19 Wheelbarrow
15:36 Horse Collar
20:05 Bow Saw
22:46 Heavy Plow
26:22 Hand Cart
28:51 Imperial Age
26:07 Town Watch
26:07 Loom
26:36 Fletching
26:46 Padded Archer Armor
27:42 Elite Skirmisher
28:39 Thumb Ring
32:14 Chemistry
31:34 Ballistics
30:56 Treadmill Crane
31:11 Murder Holes
31:27 Fortified Wall
Connection lost

Rejoining the realm…

Still unreachable

The connection could not be restored.

Session expired

The server has moved on; the page needs a fresh start.